AoeStats
← Marbas

Runestones

507731048Analyzed
1v1 RM · 13d ago on Sep 19, 2026· 43m 43s· 2 players
Game mode
Random Map
Map size
Tiny (2 player)
Population
200
Speed
Normal
Resources
Standard
Victory
Conquest
Starting age
Dark Age
Ending age
Imperial Age
RankedLock teamsTeams togetherTeam positionsShared explorationLock speedFull tech treeHidden civsTurbo modeCheats
Victory
Defeat
🇵🇹 Koreans · Portugal
1915
+12
🇷🇺 Khmer · Russia
1824
-12
Marbas
6:26 Loom
8:56 Feudal Age
9:27 Double-Bit Axe
10:52 Horse Collar
13:59 Scale Barding Armor
14:06 Forging
20:01 Castle Age
17:56 Gold Mining
18:27 Scale Barding Armor
19:05 Bloodlines
21:35 Chain Barding Armor
21:17 Husbandry
24:18 Bow Saw
29:42 Iron Casting
30:19 Wheelbarrow
30:18 Town Watch
31:32 Stone Mining
31:57 Devotion
37:29 Imperial Age
35:01 Fletching
38:17 Gold Shaft Mining
39:08 Plate Barding Armor
39:20 Conscription
38:27 Cavalier
40:30 Conscription
42:52 Siege Engineers
42:22 Light Cavalry
44:00 Ballistics
oSetinhas
6:39 Loom
9:10 Feudal Age
9:47 Double-Bit Axe
10:10 Horse Collar
11:05 Town Watch
18:47 Castle Age
16:57 Gold Mining
17:22 Fletching
19:35 Bodkin Arrow
20:06 Bow Saw
19:18 Crossbowman
25:12 Ballistics
26:05 Scale Mail Armor
27:54 Gambesons
29:16 Town Patrol
29:54 Wheelbarrow
31:22 Pikeman
32:02 Squires
32:31 Hand Cart
36:30 Imperial Age
34:21 Heavy Plow
34:18 Stone Mining
35:02 Chain Mail Armor
36:15 Arson
36:41 Forging
37:16 Bracer
36:38 Arbalester
36:50 Halberdier
38:40 Chemistry
39:50 Conscription
41:49 Plate Mail Armor
41:54 Iron Casting
43:11 Two-Man Saw
42:22 Siege Engineers
42:53 Conscription
Connection lost

Rejoining the realm…

Still unreachable

The connection could not be restored.

Session expired

The server has moved on; the page needs a fresh start.